TOP OF THE 1ST |
Mobile BayBears batting - Pitching for Columbia Fireflies : RHP Jose Esquibel
|
Pitching: RHP Jose Esquibel
|
|
Batting: RHB Carlos Ballesteros
|
0-0: Ground out 4-3 (Groundball, P, EV 93.1 MPH)
|
Batting: RHB Franklin Villanueva
|
0-0: Ball 1-0: Ball 2-0: Called Strike 2-1: Ball 3-1: Ground out 6-3 (Groundball, 6S, EV 86.2 MPH)
|
Batting: RHB Blake Beale
|
0-0: Called Strike 0-1: Ball 1-1: Ball 2-1: Called Strike 2-2: Foul Ball, location: 2F 2-2: Strikes out looking
|
Top of the 1st over - 0 runs, 0 hits, 0 errors, 0 left on base; Mobile 0 - Columbia 0 |
BOTTOM OF THE 1ST |
Columbia Fireflies batting - Pitching for Mobile BayBears : LHP David Legg
|
Pitching: LHP David Legg
|
|
Batting: RHB Omar Novoa
|
0-0: Foul Ball, location: 2F 0-1: Called Strike 0-2: Strikes out looking
|
Batting: SHB Masatoshi Akahoshi
|
0-0: Ball 1-0: Ball 2-0: Called Strike 2-1: Swinging Strike 2-2: Strikes out swinging
|
Batting: RHB Masaya Nakamura
|
0-0: Swinging Strike 0-1: Foul Ball, location: 2F 0-2: Strikes out looking
|
Bottom of the 1st over - 0 runs, 0 hits, 0 errors, 0 left on base; Mobile 0 - Columbia 0 |
TOP OF THE 2ND |
Mobile BayBears batting - Pitching for Columbia Fireflies : RHP Jose Esquibel
|
Batting: RHB Chris Bittner
|
0-0: Ball 1-0: SINGLE (Groundball, 56D, EV 96.9 MPH)
|
Batting: RHB Paul Schreiber
|
0-0: Called Strike 0-1: Ball 1-1: SINGLE (Line Drive, 4MD, EV 106.9 MPH) Chris Bittner to second
|
Batting: LHB T.J. Duvall
|
0-0: Called Strike 0-1: Foul Ball, location: 2F 0-2: Ball 1-2: Ball 2-2: Foul Ball, location: 2F 2-2: Ball 3-2: Foul Ball, location: 2F 3-2: Foul Ball, location: 2F 3-2: Strikes out looking
|
Batting: RHB Jeremy Adams
|
0-0: Ball 1-0: Ball 2-0: Ball 3-0: Foul Ball, location: 2F 3-1: Called Strike 3-2: Fly out, F8 (Flyball, 8LD, EV 97.5 MPH)
|
Batting: SHB Ed Vargas
|
0-0: Ball 1-0: Called Strike 1-1: Ball 2-1: Foul Ball, location: 2F 2-2: Ground out 6-3 (Groundball, 56, EV 96.9 MPH)
|
Top of the 2nd over - 0 runs, 2 hits, 0 errors, 2 left on base; Mobile 0 - Columbia 0 |
BOTTOM OF THE 2ND |
Columbia Fireflies batting - Pitching for Mobile BayBears : LHP David Legg
|
Batting: RHB Jose Lara
|
0-0: Called Strike 0-1: Ball 1-1: Ball 2-1: Ball 3-1: Foul Ball, location: 2F 3-2: Fly out, F7 (Flyball, 78M, EV 96.9 MPH)
|
Batting: SHB Justin Wallace
|
0-0: Foul Ball, location: 2F 0-1: Ball 1-1: Foul Ball, location: 2F 1-2: Fly out, F8 (Flyball, 8RXD, EV 86.9 MPH)
|
Batting: RHB Andy Carrell
|
0-0: Ball 1-0: Swinging Strike 1-1: Ball 2-1: Ball 3-1: Base on Balls
|
Batting: RHB T.J. Spina
|
0-0: Ground out 5-3 (Groundball, 56S, EV 67.5 MPH)
|
Bottom of the 2nd over - 0 runs, 0 hits, 0 errors, 1 left on base; Mobile 0 - Columbia 0 |
TOP OF THE 3RD |
Mobile BayBears batting - Pitching for Columbia Fireflies : RHP Jose Esquibel
|
Batting: RHB Curt Barrett
|
0-0: Foul Ball, location: 2F 0-1: Ground out U3 (Groundball, 34S, EV 79.4 MPH)
|
Batting: RHB Carlos Ballesteros
|
0-0: Ball 1-0: Swinging Strike 1-1: SINGLE (Line Drive, 7S, EV 108.8 MPH)
|
Batting: RHB Franklin Villanueva
|
0-0: Ball 1-0: Foul Ball, location: 2F 1-1: Foul Ball, location: 2F 1-2: Foul Ball, location: 2F 1-2: SINGLE (Line Drive, 8LS, EV 98.1 MPH) Carlos Ballesteros to second
|
Batting: RHB Blake Beale
|
0-0: SINGLE (Line Drive, 7S, EV 111.9 MPH) Carlos Ballesteros to third Franklin Villanueva to second
|
Batting: RHB Chris Bittner
|
0-0: Called Strike 0-1: Called Strike 0-2: SINGLE (Groundball, 6MD, EV 99.4 MPH) Carlos Ballesteros scores Franklin Villanueva to third Blake Beale to second Runner from 3rd tries for Home, SAFE, throw by CF to home
|
Batting: RHB Paul Schreiber
|
0-0: SINGLE (Line Drive, 4D, EV 108.1 MPH) Blake Beale to third Chris Bittner to second Throwing error, E8 Blake Beale scores Chris Bittner to third Paul Schreiber to second
|
Batting: LHB T.J. Duvall
|
0-0: Ball 1-0: Ground out 4-3 (Groundball, 4S, EV 81.2 MPH) Chris Bittner scores Paul Schreiber to third
|
Batting: RHB Jeremy Adams
|
0-0: Swinging Strike 0-1: Called Strike 0-2: Ball 1-2: Fly out, F9 (Flyball, 9D, EV 101.2 MPH)
|
Top of the 3rd over - 4 runs, 5 hits, 1 error, 1 left on base; Mobile 4 - Columbia 0 |
BOTTOM OF THE 3RD |
Columbia Fireflies batting - Pitching for Mobile BayBears : LHP David Legg
|
Batting: RHB Fathi Addae
|
0-0: Swinging Strike 0-1: SINGLE (Groundball, 5S, EV 71.9 MPH) (infield hit)
|
Batting: RHB David Reyna
|
0-0: Swinging Strike 0-1: Ball 1-1: Called Strike 1-2: Strikes out swinging
|
Batting: RHB Omar Novoa
|
0-0: Ball 1-0: Ball 2-0: Foul Ball, location: 2F 2-1: Ball 3-1: Base on Balls Fathi Addae to second
|
Batting: SHB Masatoshi Akahoshi
|
0-0: Called Strike 0-1: Foul Ball, location: 2F 0-2: Fielders Choice at 2nd, 4-6 (Groundball, 4, EV 78.8 MPH) Fathi Addae to third
|
Batting: RHB Masaya Nakamura
|
0-0: Ground out 6-3 (Groundball, 56D, EV 106.9 MPH)
|
Bottom of the 3rd over - 0 runs, 1 hit, 0 errors, 2 left on base; Mobile 4 - Columbia 0 |
TOP OF THE 4TH |
Mobile BayBears batting - Pitching for Columbia Fireflies : RHP Jose Esquibel
|
Batting: SHB Ed Vargas
|
0-0: Ball 1-0: Ground out 4-3 (Groundball, 34D, EV 101.9 MPH)
|
Batting: RHB Curt Barrett
|
0-0: Foul Ball, location: 2F 0-1: Ball 1-1: Called Strike 1-2: Ball 2-2: Foul Ball, location: 2F 2-2: Ground out 5-3 (Groundball, 56S, EV 86.2 MPH)
|
Batting: RHB Carlos Ballesteros
|
0-0: Ball 1-0: Swinging Strike 1-1: Swinging Strike 1-2: Foul Ball, location: 2F 1-2: Ball 2-2: Strikes out swinging
|
Top of the 4th over - 0 runs, 0 hits, 0 errors, 0 left on base; Mobile 4 - Columbia 0 |
BOTTOM OF THE 4TH |
Columbia Fireflies batting - Pitching for Mobile BayBears : LHP David Legg
|
Batting: RHB Jose Lara
|
0-0: SINGLE (Groundball, 34D, EV 111.2 MPH)
|
Batting: SHB Justin Wallace
|
0-0: Swinging Strike 0-1: Ball 1-1: Called Strike 1-2: Ball 2-2: Grounds into double play, 4-6-3 (Groundball, 34, EV 90.6 MPH)
|
Batting: RHB Andy Carrell
|
0-0: Fly out, F8 (Flyball, 8LM, EV 88.8 MPH)
|
Bottom of the 4th over - 0 runs, 1 hit, 0 errors, 0 left on base; Mobile 4 - Columbia 0 |
TOP OF THE 5TH |
Mobile BayBears batting - Pitching for Columbia Fireflies : RHP Jose Esquibel
|
Batting: RHB Franklin Villanueva
|
0-0: Swinging Strike 0-1: SINGLE (Groundball, 6MD, EV 93.8 MPH)
|
Batting: RHB Blake Beale
|
0-0: Fly out, F6 (Line Drive, 6D, EV 68.8 MPH)
|
Batting: RHB Chris Bittner
|
0-0: Ball 1-0: Grounds into double play, 5-4-3 (Groundball, 56S, EV 91.9 MPH)
|
Top of the 5th over - 0 runs, 1 hit, 0 errors, 0 left on base; Mobile 4 - Columbia 0 |
BOTTOM OF THE 5TH |
Columbia Fireflies batting - Pitching for Mobile BayBears : LHP David Legg
|
Batting: RHB T.J. Spina
|
0-0: Ball 1-0: Called Strike 1-1: Foul Ball, location: 2F 1-2: Strikes out swinging
|
Batting: RHB Fathi Addae
|
0-0: Called Strike 0-1: Ground out 4-3 (Groundball, 4M, EV 85.6 MPH)
|
Batting: RHB David Reyna
|
0-0: Called Strike 0-1: Ball 1-1: Ball 2-1: Called Strike 2-2: Ball 3-2: Base on Balls
|
Batting: RHB Omar Novoa
|
0-0: Ball 1-0: Called Strike 1-1: Swinging Strike 1-2: Strikes out swinging
|
Bottom of the 5th over - 0 runs, 0 hits, 0 errors, 1 left on base; Mobile 4 - Columbia 0 |
TOP OF THE 6TH |
Mobile BayBears batting - Pitching for Columbia Fireflies : RHP Jose Esquibel
|
Batting: RHB Paul Schreiber
|
0-0: Ball 1-0: Ball 2-0: Foul Ball, location: 2F 2-1: SINGLE (Groundball, 56D, EV 99.4 MPH)
|
Batting: LHB T.J. Duvall
|
0-0: Ball 1-0: Called Strike 1-1: Ball 2-1: Ball 3-1: Base on Balls Paul Schreiber to second
|
Batting: RHB Jeremy Adams
|
0-0: Called Strike 0-1: Ball 1-1: Ball 2-1: Called Strike 2-2: Fielders Choice at 2nd, 5-4 (Groundball, 25, EV 84.4 MPH) Paul Schreiber to third
|
Batting: SHB Ed Vargas
|
0-0: Called Strike 0-1: Called Strike 0-2: Ball 1-2: Ball 2-2: Fielders Choice at 2nd, 6-4 (Groundball, 56, EV 100.0 MPH) Paul Schreiber scores
|
Batting: RHB Curt Barrett
|
0-0: Called Strike 0-1: Ball 1-1: Ball 2-1: Ball 3-1: Foul Ball, location: 2F 3-2: Base on Balls Ed Vargas to second
|
Batting: RHB Carlos Ballesteros
|
0-0: Ball 1-0: Ball 2-0: Called Strike 2-1: Ball 3-1: Fly out, F2 (Popup, 2LF, EV 95.6 MPH)
|
Top of the 6th over - 1 run, 1 hit, 0 errors, 2 left on base; Mobile 5 - Columbia 0 |
BOTTOM OF THE 6TH |
Columbia Fireflies batting - Pitching for Mobile BayBears : LHP David Legg
|
Batting: SHB Masatoshi Akahoshi
|
0-0: Called Strike 0-1: Ball 1-1: Ball 2-1: Called Strike 2-2: Ground out 4-3 (Groundball, 4, EV 103.1 MPH)
|
Batting: RHB Masaya Nakamura
|
0-0: Called Strike 0-1: Called Strike 0-2: Ball 1-2: SINGLE (Groundball, 6MD, EV 99.4 MPH)
|
Batting: RHB Jose Lara
|
0-0: Called Strike 0-1: Ball 1-1: Ball 2-1: Ground out U3 (Groundball, 34S, EV 62.5 MPH) Masaya Nakamura to second
|
Batting: SHB Justin Wallace
|
0-0: Called Strike 0-1: Ball 1-1: Called Strike 1-2: Foul Ball, location: 2F 1-2: Foul Ball, location: 2F 1-2: Ground out 6-3 (Groundball, 6M, EV 101.9 MPH)
|
Bottom of the 6th over - 0 runs, 1 hit, 0 errors, 1 left on base; Mobile 5 - Columbia 0 |
TOP OF THE 7TH |
Mobile BayBears batting - Pitching for Columbia Fireflies : RHP Jose Esquibel
|
Pitching: RHP Jason Horvath
|
|
Batting: RHB Franklin Villanueva
|
0-0: Called Strike 0-1: Called Strike 0-2: Ground out 6-3 (Groundball, 6, EV 81.2 MPH)
|
Batting: RHB Blake Beale
|
0-0: Ball 1-0: Swinging Strike 1-1: Ball 2-1: Ball 3-1: Base on Balls
|
Batting: RHB Chris Bittner
|
0-0: Called Strike 0-1: Foul Ball, location: 2F 0-2: Ball 1-2: Foul Ball, location: 2F 1-2: Ball 2-2: Ball 3-2: Strikes out swinging
|
Batting: RHB Paul Schreiber
|
0-0: Ball 1-0: Ball 2-0: Ball 3-0: Called Strike 3-1: Base on Balls Blake Beale to second
|
Batting: LHB T.J. Duvall
|
0-0: Ball 1-0: Ball 2-0: SINGLE (Line Drive, 89S, EV 103.8 MPH) Blake Beale to third Paul Schreiber to second Runner from 3rd tries for Home, SAFE, throw by RF to home
|
Batting: RHB Jeremy Adams
|
0-0: Ball 1-0: Ball 2-0: Ball 3-0: Called Strike 3-1: Called Strike 3-2: Ground out 6-3 (Groundball, 56, EV 84.4 MPH)
|
Top of the 7th over - 1 run, 1 hit, 0 errors, 2 left on base; Mobile 6 - Columbia 0 |
BOTTOM OF THE 7TH |
Columbia Fireflies batting - Pitching for Mobile BayBears : LHP David Legg
|
Batting: RHB Andy Carrell
|
0-0: Swinging Strike 0-1: Ball 1-1: Ball 2-1: Called Strike 2-2: Strikes out looking
|
Batting: RHB T.J. Spina
|
0-0: Ball 1-0: Called Strike 1-1: Called Strike 1-2: Foul Ball, location: 2F 1-2: Strikes out swinging
|
Batting: RHB Fathi Addae
|
0-0: Ball 1-0: Called Strike 1-1: Foul Ball, location: 2F 1-2: Strikes out swinging
|
Bottom of the 7th over - 0 runs, 0 hits, 0 errors, 0 left on base; Mobile 6 - Columbia 0 |
TOP OF THE 8TH |
Mobile BayBears batting - Pitching for Columbia Fireflies : RHP Jason Horvath
|
Batting: SHB Ed Vargas
|
0-0: Ball 1-0: Ball 2-0: Ball 3-0: Called Strike 3-1: Swinging Strike 3-2: Ground out 4-3 (Groundball, 34D, EV 101.2 MPH)
|
Pitching: RHP Marvin Merino
|
|
Batting: RHB Curt Barrett
|
0-0: Ball 1-0: Foul Ball, location: 2F 1-1: DOUBLE (Line Drive, 78D, EV 113.1 MPH)
|
Batting: RHB Carlos Ballesteros
|
0-0: Fly out, F8 (Flyball, 8RM, EV 93.1 MPH)
|
Batting: RHB Franklin Villanueva
|
0-0: Ball 1-0: Called Strike 1-1: Ball 2-1: Swinging Strike 2-2: SINGLE (Groundball, 56, EV 105.0 MPH) Curt Barrett to third Runner from 3rd tries for Home, SAFE, throw by LF to home Franklin Villanueva to second
|
Batting: RHB Blake Beale
|
0-0: Called Strike 0-1: Foul Ball, location: 2F 0-2: Ball 1-2: Foul Ball, location: 2F 1-2: Ground out 6-3 (Groundball, 6, EV 106.9 MPH)
|
Top of the 8th over - 1 run, 2 hits, 0 errors, 1 left on base; Mobile 7 - Columbia 0 |
BOTTOM OF THE 8TH |
Columbia Fireflies batting - Pitching for Mobile BayBears : LHP David Legg
|
Batting: RHB David Reyna
|
0-0: Called Strike 0-1: Called Strike 0-2: Ball 1-2: Ball 2-2: Strikes out swinging
|
Batting: RHB Omar Novoa
|
0-0: Foul Ball, location: 2F 0-1: Ball 1-1: Ball 2-1: Ball 3-1: Foul Ball, location: 2F 3-2: Foul Ball, location: 2F 3-2: Strikes out swinging
|
Pinch Hitting: RHB Koen van Oort
|
0-0: Ball 1-0: Ball 2-0: Foul Ball, location: 2F 2-1: Swinging Strike 2-2: Ball 3-2: Base on Balls
|
Pitching: RHP Tadatoki Yoshida
|
|
Batting: RHB Masaya Nakamura
|
0-0: Called Strike 0-1: SINGLE (Groundball, 56D, EV 108.1 MPH) Koen van Oort to second
|
Batting: RHB Jose Lara
|
0-0: Swinging Strike 0-1: Swinging Strike 0-2: Ball 1-2: Ball 2-2: Foul Ball, location: 2F 2-2: Foul Ball, location: 2F 2-2: Ball 3-2: Ground out 4-3 (Groundball, 4M, EV 85.6 MPH)
|
Bottom of the 8th over - 0 runs, 1 hit, 0 errors, 2 left on base; Mobile 7 - Columbia 0 |
TOP OF THE 9TH |
Mobile BayBears batting - Pitching for Columbia Fireflies : RHP Marvin Merino
|
Now at 2B: Fathi Addae
|
|
Now at SS: Koen van Oort
|
|
Batting: RHB Chris Bittner
|
0-0: Ball 1-0: Foul Ball, location: 2F 1-1: Ball 2-1: Called Strike 2-2: Strikes out swinging
|
Batting: RHB Paul Schreiber
|
0-0: Ball 1-0: Foul Ball, location: 2F 1-1: Ground out 5-3 (Groundball, 56S, EV 86.9 MPH)
|
Batting: LHB T.J. Duvall
|
0-0: Swinging Strike 0-1: Ball 1-1: Foul Ball, location: 2F 1-2: Ball 2-2: SINGLE (Line Drive, 7S, EV 100.6 MPH)
|
Batting: RHB Jeremy Adams
|
0-0: Ball 1-0: Ball 2-0: Ball 3-0: Called Strike 3-1: Base on Balls T.J. Duvall to second
|
Batting: SHB Ed Vargas
|
0-0: Fly out, F7 (Line Drive, 78D, EV 95.0 MPH)
|
Top of the 9th over - 0 runs, 1 hit, 0 errors, 2 left on base; Mobile 7 - Columbia 0 |
BOTTOM OF THE 9TH |
Columbia Fireflies batting - Pitching for Mobile BayBears : RHP Tadatoki Yoshida
|
Batting: SHB Justin Wallace
|
0-0: Ball 1-0: Ball 2-0: Called Strike 2-1: Fly out, F7 (Flyball, 7D, EV 102.5 MPH)
|
Batting: RHB Andy Carrell
|
0-0: SINGLE (Flyball, 89S, EV 89.4 MPH)
|
Batting: RHB T.J. Spina
|
0-0: Ball 1-0: Called Strike 1-1: Foul Ball, location: 2F 1-2: Ball 2-2: Strikes out swinging
|
Pinch Hitting: LHB Tony Leyba
|
0-0: SINGLE (Line Drive, 5D, EV 107.5 MPH) Andy Carrell to second
|
Batting: RHB David Reyna
|
0-0: Called Strike 0-1: Swinging Strike 0-2: Strikes out swinging
|
Bottom of the 9th over - 0 runs, 2 hits, 0 errors, 2 left on base; Mobile 7 - Columbia 0 |
|